[Event "ICC tourney 2151 (70 10)"]
[Site "Internet Chess Club"]
[Date "2020.11.21"]
[Round "1"]
[White "penguinwizard"]
[Black "lucagt2010"]
[Result "1-0"]
[ICCResult "Black resigns"]
[WhiteElo "2086"]
[BlackElo "1490"]
[Opening "Queen's Indian: Petrosian system"]
[ECO "E12"]
[NIC "QI.04"]
[Time "12:42:43"]
[TimeControl "4200+10"]

1. d4 Nf6 2. c4 e6 3. Nf3 b6 4. a3 Bb7 5. Nc3 Be7 6. d5 O-O 7. e4 exd5 8.
cxd5 d6 9. Bd3 Nbd7 10. O-O Nc5 11. Bc2 a5 12. Re1 Re8 13. Rb1 Bf8 14. b4
axb4 15. axb4 Ncd7 16. Nd4 c5 17. dxc6 Bxc6 18. Nxc6 Qc7 19. b5 Nb8 20. Nd5
Nxd5 21. exd5 Nxc6 22. dxc6 d5 23. Rxe8 Rxe8 24. Be3 Bd6 25. Qxd5 Bxh2+ 26.
Kh1 Rd8 27. Qh5 {Black resigns} 1-0

[Event "ICC tourney 2151 (70 10)"]
[Site "Internet Chess Club"]
[Date "2020.11.21"]
[Round "1"]
[White "greenninja"]
[Black "DankMemer"]
[Result "1-0"]
[ICCResult "Black checkmated"]
[WhiteElo "1970"]
[BlackElo "1312"]
[Opening "French: Tarrasch, open variation"]
[ECO "C07"]
[NIC "FR.19"]
[Time "12:42:49"]
[TimeControl "4200+10"]

1. e4 e6 2. d4 d5 3. Nd2 c5 4. exd5 Qxd5 5. Ngf3 cxd4 6. Bc4 Qd7 7. O-O Nf6
8. Nb3 Be7 9. Nbxd4 O-O 10. c3 a6 11. Bf4 Nc6 12. Nxc6 Qxc6 13. Bd3 Rd8 14.
Qe2 b6 15. Ne5 Qe8 16. Qf3 Ra7 17. Rfe1 Bb7 18. Qh3 Nd7 19. Qxh7+ Kf8 20.
Nxd7+ Qxd7 21. Qh8# {Black checkmated} 1-0

[Event "ICC tourney 2151 (70 10)"]
[Site "Internet Chess Club"]
[Date "2020.11.21"]
[Round "1"]
[White "DLWarrior"]
[Black "RagingKnightNC"]
[Result "0-1"]
[ICCResult "White resigns"]
[WhiteElo "1957"]
[BlackElo "2133"]
[Opening "Queen's pawn: Chigorin variation"]
[ECO "D00"]
[NIC "QP.08"]
[Time "12:42:45"]
[TimeControl "4200+10"]

1. d4 d5 2. Nc3 Nf6 3. Bf4 a6 4. e3 c5 5. Nf3 Nc6 6. Bd3 Bg4 7. Be2 e6 8. h3
Bh5 9. O-O Bd6 10. Ne5 Bxe2 11. Nxe2 Bxe5 12. dxe5 Nd7 13. Nc3 Ncxe5 14. e4
d4 15. Ne2 O-O 16. c3 d3 17. Ng3 Qh4 18. Be3 Rfd8 19. Qc1 h6 20. Rd1 Rac8
21. b3 Nf6 22. Qa3 Nxe4 23. Nxe4 Qxe4 24. Bxc5 Ng6 25. Rd2 Nh4 26. f3 Qe5
27. Bf2 Nxf3+ 28. gxf3 Qg5+ 29. Kf1 Qxd2 30. c4 Qe2+ 31. Kg2 d2 {White
resigns} 0-1

[Event "ICC tourney 2151 (70 10)"]
[Site "Internet Chess Club"]
[Date "2020.11.21"]
[Round "1"]
[White "gitb98"]
[Black "Kokoro"]
[Result "0-1"]
[ICCResult "White checkmated"]
[WhiteElo "1910"]
[BlackElo "2186"]
[Opening "QGD Slav defense: exchange variation"]
[ECO "D10"]
[NIC "SL.01"]
[Time "12:43:13"]
[TimeControl "4200+10"]

1. d4 d5 2. c4 c6 3. cxd5 cxd5 4. Bg5 Qb6 5. Qd2 Bf5 6. e3 Bxb1 7. Rxb1 Qg6
8. Rc1 Nc6 9. Bf4 e5 10. Bd3 Qxg2 11. Bb5 Ne7 12. Ke2 Qxh1 13. Nf3 Qxc1 14.
Qxc1 exf4 15. Ne5 Rc8 16. Qc5 f6 17. Nd3 a6 18. Ba4 fxe3 19. fxe3 b5 20. Bb3
Na5 21. Qb6 Nxb3 22. axb3 Rc6 23. Qb8+ Kf7 24. Nc5 g6 25. Qd8 Bg7 26. Qd7
Rhc8 27. Nb7 R8c7 28. Nd8+ Kf8 29. Ne6+ Rxe6 30. Qxe6 Rc6 31. Qd7 Rc2+ 32.
Kf3 Rxb2 33. Qd6 Rxb3 34. Qxa6 Kf7 35. Qa2 Rb4 36. Qa5 Rb2 37. h3 Bh6 38.
Kg3 Bxe3 39. Qc3 Nf5+ 40. Kf3 Rf2+ 41. Kg4 Rf4# {White checkmated} 0-1

[Event "ICC tourney 2151 (70 10)"]
[Site "Internet Chess Club"]
[Date "2020.11.21"]
[Round "1"]
[White "sirking2800"]
[Black "breaker90"]
[Result "0-1"]
[ICCResult "White checkmated"]
[WhiteElo "1970"]
[BlackElo "1915"]
[Opening "Ruy Lopez: 5.O-O"]
[ECO "C78"]
[NIC "RL.12"]
[Time "12:42:55"]
[TimeControl "4200+10"]

1. e4 e5 2. Nf3 Nc6 3. Bb5 a6 4. Ba4 Nf6 5. O-O b5 6. Bb3 Bc5 7. Nxe5 Nxe5
8. d4 Bxd4 9. Qxd4 d6 10. Qc3 O-O 11. f3 c5 12. a4 b4 13. Qe3 c4 14. Ba2 d5
15. exd5 Qxd5 16. Nd2 Bf5 17. Ne4 Nfg4 18. fxg4 Bxe4 19. Qe2 b3 20. Bb1 bxc2
21. Bxc2 Bd3 22. Bxd3 cxd3 23. Qd1 Qd4+ 24. Kh1 Nxg4 25. Ra3 Nf2+ 26. Rxf2
Qxf2 27. Rxd3 Rae8 28. Bd2 Re2 29. Rg3 Rxd2 30. Qg4 Qf1# {White checkmated}
0-1

[Event "ICC tourney 2151 (70 10)"]
[Site "Internet Chess Club"]
[Date "2020.11.21"]
[Round "1"]
[White "HartensChkmate"]
[Black "matein7"]
[Result "0-1"]
[ICCResult "White resigns"]
[WhiteElo "1431"]
[BlackElo "1908"]
[Opening "English: Neo-Catalan declined"]
[ECO "E06"]
[NIC "CA.05"]
[Time "12:42:47"]
[TimeControl "4200+10"]

1. c4 Nf6 2. g3 e6 3. Bg2 d5 4. Nf3 Be7 5. O-O O-O 6. d4 dxc4 7. Ne5 Nc6 8.
Bxc6 bxc6 9. Nxc6 Qe8 10. Nxe7+ Qxe7 11. Na3 c5 12. Nxc4 Rd8 13. e3 Bb7 14.
b3 cxd4 15. exd4 Nd5 16. Na5 Rac8 17. Nxb7 Qxb7 18. Bb2 Nb4 19. Qg4 Rc2 20.
Rab1 Nd5 21. Rfc1 Rdc8 22. Ba3 Ne3 23. Qh3 Qf3 24. fxe3 Qxe3+ 25. Kh1 Qe4+
26. Kg1 Qxd4+ 27. Kh1 Qe4+ 28. Kg1 Qe3+ 29. Kh1 Rxc1+ 30. Rxc1 Rxc1+ 31.
Bxc1 Qxc1+ 32. Kg2 Qb2+ 33. Kg1 Qxa2 34. g4 Qb1+ 35. Kg2 Qe4+ 36. Kg1 Qd4+
37. Kg2 Qd5+ 38. Kg1 g6 39. Qg3 e5 40. h3 h6 41. Kf1 a5 42. Qc3 e4 43. Qc8+
Kh7 44. Qc7 e3 45. Qf4 Qxb3 {White resigns} 0-1

[Event "ICC tourney 2151 (70 10)"]
[Site "Internet Chess Club"]
[Date "2020.11.21"]
[Round "1"]
[White "premierchess"]
[Black "randomusername"]
[Result "1-0"]
[ICCResult "Black checkmated"]
[WhiteElo "2134"]
[BlackElo "1506"]
[Opening "Caro-Kann: classical, Spassky variation"]
[ECO "B18"]
[NIC "CK.12"]
[Time "12:42:40"]
[TimeControl "4200+10"]

1. e4 c6 2. d4 d5 3. Nc3 dxe4 4. Nxe4 Bf5 5. Ng3 Bg6 6. Nf3 Nd7 7. h4 h6 8.
h5 Bh7 9. Bd3 Bxd3 10. Qxd3 e6 11. Bd2 Ngf6 12. O-O-O Be7 13. Ne4 Qb6 14. c4
Rd8 15. Nc3 O-O 16. Qe2 Rfe8 17. g4 c5 18. g5 cxd4 19. Na4 Qc6 20. gxf6 Nxf6
21. b3 b5 22. Nb2 bxc4 23. Nxc4 d3 24. Qe3 Nd5 25. Qe1 Rb8 26. Ne5 Qc7 27.
Rg1 f6 28. Rxg7+ Kxg7 29. Qg1+ Kh8 30. Nf7+ Kh7 31. Qg6# {Black checkmated}
1-0

[Event "ICC tourney 2151 (70 10)"]
[Site "Internet Chess Club"]
[Date "2020.11.21"]
[Round "1"]
[White "clair"]
[Black "HostilePear"]
[Result "0-1"]
[ICCResult "White checkmated"]
[WhiteElo "1655"]
[BlackElo "1614"]
[Opening "Queen's pawn: London system"]
[ECO "A45"]
[NIC "QP.07"]
[Time "12:42:42"]
[TimeControl "4200+10"]

1. d4 Nf6 2. Bf4 e6 3. e3 c5 4. c3 b6 5. Nd2 Bb7 6. Ngf3 cxd4 7. exd4 Be7 8.
Bd3 O-O 9. O-O Re8 10. Re1 Bf8 11. Qc2 d6 12. h3 h6 13. Rac1 Nbd7 14. Qd1
Qc7 15. Bb1 Rad8 16. Qa4 a6 17. Bg3 b5 18. Qc2 Rc8 19. a3 g6 20. Qd1 Bg7 21.
c4 Qb6 22. b4 Bxf3 23. Nxf3 bxc4 24. Bf4 d5 25. Qd2 Kh7 26. g4 Ra8 27. g5
hxg5 28. Nxg5+ Kg8 29. Be3 a5 30. Qc2 Nf8 31. Qd2 axb4 32. Qxb4 Qxb4 33.
axb4 Reb8 34. Bd2 Ne8 35. Nf3 Rb7 36. Kf1 Nc7 37. Bc2 Nb5 38. Ra1 Rxa1 39.
Rxa1 Nxd4 40. Nxd4 Bxd4 41. Ra8 Kg7 42. Ra4 Nd7 43. Ke2 Ne5 44. f4 Nc6 45.
h4 Bf6 46. h5 gxh5 47. Bd1 c3 48. Bc1 Nxb4 49. Ke3 h4 50. Bf3 Nc6 51. Kd3
Rb3 52. Ba3 c2+ 53. Kxc2 Rxf3 54. Bd6 h3 55. f5 Rxf5 56. Ra6 Nb4+ 57. Bxb4
h2 58. Ra8 h1=Q 59. Bf8+ Kg6 60. Bd6 Rf2+ 61. Kb3 Qh3+ 62. Kb4 Qc3+ 63. Kb5
Rb2+ 64. Ka6 Qc6+ 65. Ka7 Qb7# {White checkmated} 0-1

[Event "ICC tourney 2151 (70 10)"]
[Site "Internet Chess Club"]
[Date "2020.11.21"]
[Round "1"]
[White "rdhanekula"]
[Black "mexicoreal"]
[Result "1-0"]
[ICCResult "Black resigns"]
[WhiteElo "1707"]
[BlackElo "1932"]
[Opening "Giuoco Pianissimo: Italian four knights variation"]
[ECO "C50"]
[NIC "IG.02"]
[Time "12:42:42"]
[TimeControl "4200+10"]

1. e4 e5 2. Nf3 Nc6 3. Bc4 Bc5 4. Nc3 Nf6 5. d3 d6 6. O-O Be6 7. Bb3 O-O 8.
Bg5 h6 9. Bh4 g5 10. Bg3 Bg4 11. h3 Bh5 12. h4 Nd4 13. Re1 Ne8 14. hxg5 hxg5
15. Na4 Qf6 16. Nxc5 Bxf3 17. gxf3 Nxf3+ 18. Kg2 Nxe1+ 19. Qxe1 dxc5 20. Qc3
b6 21. Rh1 Ng7 22. Bxe5 Qg6 23. Bxc7 Rfe8 24. Bd5 Rac8 25. Bg3 c4 26. dxc4
b5 27. c5 Rcd8 28. c6 g4 29. c7 Rxd5 30. exd5 Qe4+ 31. Kg1 b4 32. Qd3 Qe1+
33. Kg2 {Black resigns} 1-0

[Event "ICC tourney 2151 (70 10)"]
[Site "Internet Chess Club"]
[Date "2020.11.21"]
[Round "1"]
[White "satyamalugu"]
[Black "Rancid-Gambit"]
[Result "0-1"]
[ICCResult "White resigns"]
[WhiteElo "1312"]
[BlackElo "1478"]
[Opening "French: advance, Euwe variation"]
[ECO "C02"]
[NIC "FR.03"]
[Time "12:42:54"]
[TimeControl "4200+10"]

1. e4 e6 2. d4 d5 3. e5 c5 4. c3 Nc6 5. Nf3 Bd7 6. dxc5 Bxc5 7. Bd3 Qc7 8.
b4 Bb6 9. Qe2 Nxb4 10. O-O Nxd3 11. Qxd3 Ne7 12. Ba3 Rc8 13. Rc1 Qc4 14. Qd2
Nf5 15. h3 h6 16. Kh2 g5 17. g4 Qe4 18. Qd1 Ba4 19. Qe1 Qxf3 20. gxf5 Bxf2
{White resigns}
0-1

[Event "ICC tourney 2151 (70 10)"]
[Site "Internet Chess Club"]
[Date "2020.11.21"]
[Round "1"]
[White "qiaoqiaoszx"]
[Black "gardemarin13"]
[Result "1/2-1/2"]
[ICCResult "Game drawn by mutual agreement"]
[WhiteElo "2138"]
[BlackElo "1914"]
[Opening "Sicilian: accelerated fianchetto, modern variation with Bc4"]
[ECO "B35"]
[NIC "SI.33"]
[Time "12:42:40"]
[TimeControl "4200+10"]

1. e4 c5 2. Nf3 g6 3. d4 cxd4 4. Nxd4 Nc6 5. Be3 Bg7 6. Nc3 Nf6 7. Bc4 O-O
8. Bb3 a5 9. Ndb5 d6 10. f3 b6 11. Na4 Nd7 12. O-O Ba6 13. c4 Nc5 14. Rb1
Rc8 15. Rf2 Ne5 16. Nxc5 bxc5 17. a4 Bxb5 18. axb5 a4 19. Ba2 Ra8 20. b4
axb3 21. Bxb3 Qa5 {Game drawn by mutual agreement} 1/2-1/2

[Event "ICC tourney 2151 (70 10)"]
[Site "Internet Chess Club"]
[Date "2020.11.21"]
[Round "1"]
[White "yogeshchess77"]
[Black "dogetk"]
[Result "0-1"]
[ICCResult "White resigns"]
[WhiteElo "1307"]
[BlackElo "1392"]
[Opening "Caro-Kann: classical, Spassky variation"]
[ECO "B18"]
[NIC "CK.12"]
[Time "12:42:54"]
[TimeControl "4200+10"]

1. e4 c6 2. d4 d5 3. Nc3 dxe4 4. Nxe4 Bf5 5. Ng3 Bg6 6. Nf3 Nd7 7. h4 h6 8.
h5 Bh7 9. Bd3 Bxd3 10. Qxd3 e6 11. Bd2 Ngf6 12. O-O-O Be7 13. Kb1 Qb6 14.
Ka1 O-O 15. Ne4 Rfd8 16. Nxf6+ Nxf6 17. Qb3 Qxb3 18. axb3 Rd5 19. g4 Nxg4
20. Rdg1 f5 21. c4 Rdd8 22. Rg2 Bf6 23. Bc3 a5 24. Rhg1 a4 25. Ka2 b5 26.
Ne5 Bxe5 27. dxe5 Rd3 28. cxb5 cxb5 29. bxa4 b4 30. Bxb4 Rxa4+ 31. Ba3 Rf3
32. b3 Ra7 33. Kb2 Nxe5 34. Bd6 Ng4 35. b4 e5 36. Bc5 Rb7 37. Rh1 Nf6 38.
Kc2 Ne4 39. Rd1 Rc3+ 40. Kb2 Rxc5 {White resigns} 0-1

[Event "ICC tourney 2151 (70 10)"]
[Site "Internet Chess Club"]
[Date "2020.11.21"]
[Round "1"]
[White "Monkeybomb3605"]
[Black "Mapking1"]
[Result "0-1"]
[ICCResult "White resigns"]
[WhiteElo "2004"]
[BlackElo "1826"]
[Opening "Sicilian: dragon, Yugoslav attack, 10.O-O-O"]
[ECO "B78"]
[NIC "SI.18"]
[Time "12:43:06"]
[TimeControl "4200+10"]

1. e4 c5 2. Nf3 d6 3. d4 cxd4 4. Nxd4 Nf6 5. Nc3 g6 6. Be3 Bg7 7. f3 Nc6 8.
Qd2 O-O 9. Bc4 Bd7 10. O-O-O Rc8 11. Bb3 Nxd4 12. Bxd4 b5 13. Nd5 Nxd5 14.
Bxd5 a5 15. Bxg7 Kxg7 16. Qd4+ Kg8 17. e5 Bf5 18. Be4 Rc4 19. Qd3 Bxe4 20.
fxe4 Qc7 21. exd6 exd6 22. Kb1 Rc8 23. Rd2 Qc6 24. Re1 Re8 25. Qxd6 Rexe4
26. Red1 Qxd6 27. Rxd6 Re2 28. R6d2 Rce4 29. Kc1 Kg7 30. Rxe2 Rxe2 31. Rd2
Re1+ 32. Rd1 Rxd1+ 33. Kxd1 Kf6 34. Ke2 Ke5 35. Ke3 f5 36. h4 h6 37. g3 g5
38. hxg5 hxg5 39. c3 Kd5 40. b3 a4 41. Kf3 Kc5 42. Ke3 Kc6 43. Kf3 Kd6 44.
Ke3 Kd5 45. Kf3 Ke5 46. Ke3 g4 47. c4 bxc4 48. bxc4 a3 49. Kd3 f4 50. gxf4+
Kxf4 51. c5 g3 52. c6 g2 53. c7 g1=Q 54. c8=Q Qd1+ {White resigns} 0-1

[Event "ICC tourney 2151 (70 10)"]
[Site "Internet Chess Club"]
[Date "2020.11.21"]
[Round "1"]
[White "Yucheng"]
[Black "python0812"]
[Result "1/2-1/2"]
[ICCResult "Game drawn by mutual agreement"]
[WhiteElo "1882"]
[BlackElo "2020"]
[Opening "Nimzo-Indian: 4.e3 c5"]
[ECO "E41"]
[NIC "NI.15"]
[Time "12:42:45"]
[TimeControl "4200+10"]

1. d4 Nf6 2. c4 e6 3. Nc3 Bb4 4. e3 c5 5. Nf3 b6 6. a3 cxd4 7. axb4 dxc3 8.
bxc3 Bb7 9. Bd3 O-O 10. O-O Qc7 11. Nd4 d5 12. Nb5 Qd7 13. cxd5 Nxd5 14. e4
a6 15. exd5 Qxd5 16. f3 axb5 17. Rxa8 Bxa8 18. Be4 Qxd1 19. Rxd1 Bxe4 20.
fxe4 Rc8 21. Be3 f6 22. Bxb6 Kf7 23. Rd3 Nc6 24. Rd7+ Kg6 25. Bc5 Rd8 26.
Rb7 Rd3 27. Rxb5 Rxc3 28. Rb6 Ne5 29. Bd4 Rc1+ 30. Kf2 Rc2+ 31. Kg3 Nd3 32.
b5 {Game drawn by mutual agreement} 1/2-1/2

[Event "ICC tourney 2151 (70 10)"]
[Site "Internet Chess Club"]
[Date "2020.11.21"]
[Round "1"]
[White "Vladlena85"]
[Black "alexdora"]
[Result "1-0"]
[ICCResult "Black resigns"]
[WhiteElo "1478"]
[BlackElo "1312"]
[Opening "Sicilian, Chekhover variation"]
[ECO "B53"]
[NIC "SI.02"]
[Time "12:43:09"]
[TimeControl "4200+10"]

1. e4 c5 2. Nf3 d6 3. d4 cxd4 4. Qxd4 Nc6 5. Bb5 Qa5+ 6. Nc3 Qxb5 7. Nxb5
Nxd4 8. Nfxd4 Kd8 9. Bd2 Bd7 10. a4 Nf6 11. f3 g6 12. O-O Bg7 13. Rfd1 Kc8
14. Be3 a6 15. Na3 b6 16. Nc4 Kc7 17. a5 bxa5 18. Rxa5 Rhb8 19. Rda1 Bc8 20.
e5 Ne8 21. c3 dxe5 22. Nxe5 Nd6 23. Rc5+ Kb6 24. Rc6+ Kb7 25. Nb3 Nc4 26.
Nc5+ Ka7 27. Raxa6+ {Black resigns} 1-0

[Event "ICC tourney 2151 (70 10)"]
[Site "Internet Chess Club"]
[Date "2020.11.21"]
[Round "1"]
[White "Dominator95"]
[Black "AlexandreKaram"]
[Result "1-0"]
[ICCResult "Black resigns"]
[WhiteElo "1478"]
[BlackElo "1312"]
[Opening "Benoni: classical with e4 and Nf3"]
[ECO "A70"]
[NIC "BI.20"]
[Time "12:42:48"]
[TimeControl "4200+10"]

1. d4 Nf6 2. c4 c5 3. d5 e6 4. Nc3 exd5 5. cxd5 d6 6. e4 g6 7. Nf3 Bg7 8.
Nd2 O-O 9. Be2 a6 10. a4 Nbd7 11. O-O b6 12. Re1 Rb8 13. Nc4 Ne8 14. Bf4 Qe7
15. h3 Ne5 16. Bh2 Nxc4 17. Bxc4 b5 18. axb5 axb5 19. Nxb5 Bxb2 20. Ra7 Rb7
21. Rxb7 Bxb7 22. Qb3 Be5 23. f4 Bg7 24. e5 Ba6 25. Bg3 Bxb5 26. Qxb5 Qd8
27. Qc6 g5 28. e6 Bd4+ 29. Kh1 fxe6 30. dxe6 Qe7 31. fxg5 Bf2 32. Bxf2 Rxf2
33. Qd7 Kf8 34. Kg1 Rf5 35. h4 Rf4 36. g3 Rf5 37. Bd3 Rf7 38. g6 Qxd7 39.
exd7 Rxd7 40. gxh7 {Black resigns} 1-0

[Event "ICC tourney 2151 (70 10)"]
[Site "Internet Chess Club"]
[Date "2020.11.21"]
[Round "1"]
[White "kentlchess"]
[Black "HarleyQueen8"]
[Result "1/2-1/2"]
[ICCResult "Game drawn by mutual agreement"]
[WhiteElo "1561"]
[BlackElo "1896"]
[Opening "Sicilian: Smith-Morra gambit"]
[ECO "B21"]
[NIC "SI.47"]
[Time "12:42:44"]
[TimeControl "4200+10"]

1. e4 c5 2. d4 cxd4 3. c3 Nf6 4. e5 Nd5 5. Nf3 e6 6. cxd4 d6 7. Bd3 Nb4 8.
Bc4 dxe5 9. dxe5 Qxd1+ 10. Kxd1 Bc5 11. a3 N4c6 12. Ke2 Nd7 13. Bb5 Nd4+ 14.
Nxd4 Bxd4 15. f4 a6 16. Rd1 Ba7 17. Bd3 Nc5 18. Bc2 Bd7 19. b4 Bb5+ 20. Ke1
Na4 21. Be4 Rc8 22. Bd2 Nb2 23. Rc1 Rxc1+ 24. Bxc1 Nd3+ 25. Bxd3 Bxd3 26.
Nc3 Ke7 27. Bb2 Be3 28. g3 Rd8 29. Rd1 Bf5 30. Rxd8 Kxd8 31. Ne2 Bd3 32. Bd4
Bxe2 33. Bxe3 Bb5 34. Kd2 Kd7 35. Kc3 Kc6 36. Kd4 Be2 37. Bd2 Kb5 38. Kc3 a5
39. Kd4 b6 40. Kc3 Ka4 41. Kb2 Kb5 {Game drawn by mutual agreement} 1/2-1/2

[Event "ICC tourney 2151 (70 10)"]
[Site "Internet Chess Club"]
[Date "2020.11.21"]
[Round "1"]
[White "aminsamani99"]
[Black "mopaska1106"]
[Result "0-1"]
[ICCResult "White resigns"]
[WhiteElo "1441"]
[BlackElo "1937"]
[Opening "Dutch"]
[ECO "A80"]
[NIC "HD.12"]
[Time "12:59:11"]
[TimeControl "4200+10"]

1. d4 f5 2. Nf3 Nf6 3. Bf4 g6 4. h3 Bg7 5. e3 O-O 6. Be2 d6 7. c3 h6 8. Nbd2
Nc6 9. Qc2 Qe8 10. Bb5 Kh8 11. O-O Bd7 12. a4 a6 13. Bxc6 Bxc6 14. c4 Rd8
15. d5 Bd7 16. Bh2 g5 17. Nd4 Qg6 18. g4 Ne4 19. gxf5 Bxf5 20. Nxf5 Nxd2 21.
Qxd2 Qxf5 22. Qb4 Rb8 23. c5 Qxh3 24. Qe4 Rf7 25. Qe6 Qxe6 26. dxe6 Rf6 27.
Rac1 Rxe6 28. cxd6 cxd6 29. b3 a5 30. Rc7 b5 31. Ra7 bxa4 32. bxa4 Rb4 33.
Rxa5 Ree4 34. Ra8+ Kh7 35. a5 Ra4 36. Kg2 Ra2 37. Kf3 Rea4 38. Ra7 Bf6 39.
Bxd6 Rxa5 40. Rb7 Ra7 41. Rxa7 Rxa7 42. Bg3 Kg6 43. Rb1 Ra2 44. Rb6 h5 45.
e4 g4+ 46. Kg2 Kf7 47. e5 Bg5 48. e6+ Kf6 49. Rb5 h4 50. Bc7 Rc2 51. Bb6 Bf4
52. Rh5 h3+ 53. Kf1 Rc1+ 54. Ke2 h2 55. Be3 h1=Q 56. Rxh1 Rxh1 57. Bxf4 Kxe6
58. Bg3 Kf5 59. Ke3 e5 60. Kd3 Ra1 61. Bh4 Ra3+ 62. Ke2 Ke4 63. Be7 Ra2+ 64.
Kf1 Kf3 65. Kg1 Rxf2 66. Bc5 Rg2+ 67. Kh1 g3 68. Bf2 Rxf2 {White resigns}
0-1

[Event "ICC tourney 2151 (70 10)"]
[Site "Internet Chess Club"]
[Date "2020.11.21"]
[Round "1"]
[White "zchen15"]
[Black "spellking98"]
[Result "1-0"]
[ICCResult "Black resigns"]
[WhiteElo "2005"]
[BlackElo "1949"]
[Opening "King's Indian: Semi-Averbakh system"]
[ECO "E73"]
[NIC "KI.27"]
[Time "12:42:44"]
[TimeControl "4200+10"]

1. d4 Nf6 2. c4 g6 3. Nc3 Bg7 4. e4 d6 5. Be2 O-O 6. Be3 e5 7. d5 Ne8 8. g4
f5 9. gxf5 gxf5 10. exf5 Bxf5 11. Nf3 Nd7 12. Bg5 Ndf6 13. Rg1 Kh8 14. Nh4
Qd7 15. Qd2 Bh3 16. Rg3 Ng8 17. Qe3 Bf5 18. Nxf5 Qxf5 19. Bd3 Qf7 20. Rh3
Nef6 21. O-O-O h6 22. Rg1 Qd7 23. Bxf6 Nxf6 24. Ne4 Ng4 25. Qg3 Nxf2 26.
Nxf2 Rxf2 27. Qg6 Kg8 28. Rxh6 Kf8 29. Rh7 Rf7 30. Rh5 Rd8 31. Bf5 Qa4 32.
Kb1 Qxc4 33. Rc1 Qf4 34. Be6 Rdd7 35. Bxd7 Rxd7 36. Rf5+ Qxf5+ 37. Qxf5+ Ke8
38. Rf1 b6 39. Qe6+ {Black resigns} 1-0

[Event "ICC tourney 2151 (70 10)"]
[Site "Internet Chess Club"]
[Date "2020.11.21"]
[Round "1"]
[White "RhettLangseth"]
[Black "el008"]
[Result "1-0"]
[ICCResult "Black checkmated"]
[WhiteElo "2025"]
[BlackElo "1168"]
[Opening "Queen's pawn"]
[ECO "A40"]
[NIC "QO.17"]
[Time "12:42:42"]
[TimeControl "4200+10"]

1. d4 e6 2. Bf4 d5 3. Nf3 c5 4. e3 Nf6 5. Nc3 a6 6. a4 Nc6 7. Bd3 c4 8. Be2
Bb4 9. O-O Bxc3 10. bxc3 Ne4 11. Qe1 f6 12. Nd2 Nxc3 13. Bh5+ g6 14. Bf3 e5
15. dxe5 fxe5 16. Bg3 Qa5 17. Nxc4 dxc4 18. Bxc6+ bxc6 19. Ra3 Ne2+ 20. Qxe2
Qc5 21. Rc3 Be6 22. e4 O-O 23. Qe3 Qd4 24. Ra3 Rfd8 25. Qg5 Qxe4 26. Bxe5
Qf5 27. Qg3 Qxc2 28. Bf6 Rd1 29. Ra1 Rxa1 30. Bxa1 c3 31. Bxc3 Qf5 32. Ba1
Rf8 33. Qc3 Kf7 34. Qxc6 Bd7 35. Qxa6 Rc8 36. Qa7 Rc5 37. Qb6 Rc2 38. Rd1
Re2 39. Qd4 Re7 40. h3 g5 41. Qg7+ Ke8 42. Qg8+ Qf8 43. Qxg5 Qf7 44. a5 Re2
45. Bd4 Qe6 46. Qh5+ Kf8 47. Be3 Rc2 48. Bh6+ Ke7 49. Qg5+ Ke8 50. Qg7 Qf5
51. Qg8+ Ke7 52. Bf8+ Qxf8 53. Qxf8+ Kxf8 54. Rxd7 Ra2 55. Ra7 h5 56. g3 Ke8
57. Kg2 Ra3 58. a6 Kf8 59. Ra8+ Kg7 60. a7 Kh7 61. f4 Ra2+ 62. Kf3 Ra3+ 63.
Ke4 Ra4+ 64. Kf5 Ra5+ 65. Kf6 Ra6+ 66. Kg5 Ra5+ 67. Kh4 Kg7 68. f5 Rxf5 69.
Rb8 Ra5 70. a8=Q Rxa8 71. Rxa8 Kh6 72. Ra5 Kg6 73. Rxh5 Kf6 74. Rg5 Kf7 75.
Kg4 Kf6 76. h4 Ke6 77. h5 Kf7 78. h6 Kf6 79. h7 Ke6 80. h8=Q Kd6 81. Qh6+
Ke7 82. Rg7+ Kf8 83. Qh8# {Black checkmated} 1-0

[Event "ICC tourney 2151 (70 10)"]
[Site "Internet Chess Club"]
[Date "2020.11.21"]
[Round "1"]
[White "TheKetchupKing"]
[Black "hollyelf"]
[Result "0-1"]
[ICCResult "White resigns"]
[WhiteElo "1490"]
[BlackElo "2085"]
[Opening "Ruy Lopez: closed, Bogolyubov variation"]
[ECO "C91"]
[NIC "RL.20"]
[Time "12:42:44"]
[TimeControl "4200+10"]

1. e4 e5 2. Nf3 Nc6 3. Bb5 a6 4. Ba4 Nf6 5. O-O Be7 6. Re1 b5 7. Bb3 d6 8.
c3 O-O 9. d4 Bg4 10. Be3 Re8 11. h3 exd4 12. cxd4 Bxf3 13. Qxf3 Na5 14. Bc2
Nc4 15. Bc1 c5 16. b3 Nb6 17. Bb2 Nbd7 18. d5 Bf8 19. Nd2 g6 20. Nf1 Bg7 21.
Rab1 Qc7 22. Ng3 Rac8 23. Ba3 Ne5 24. Qe2 c4 25. f4 Ned7 26. bxc4 bxc4 27.
Qf2 h5 28. Rb4 h4 29. Nf1 Qc5 30. Qxc5 Nxc5 31. Rxc4 Nxd5 32. Bxc5 dxc5 33.
e5 Bh6 34. f5 Bg7 35. fxg6 Bxe5 36. gxf7+ Kxf7 37. Rce4 Bd4+ 38. Kh1 Rxe4
39. Rxe4 Nf6 40. Bb3+ Kg7 41. Rxh4 Re8 42. Rf4 Re1 43. g4 Be5 44. Rf5 Re2
45. Bc4 Re1 46. Kg2 Bd4 47. Bd3 Ra1 48. Bc4 Rc1 49. Nd2 Rc2 50. Kg3 Rxd2 51.
g5 Ne4+ 52. Kf4 Nd6 53. h4 Rf2+ 54. Kg4 Nxf5 55. h5 Ne3+ {White resigns} 0-1

[Event "ICC tourney 2151 (70 10)"]
[Site "Internet Chess Club"]
[Date "2020.11.21"]
[Round "2"]
[White "clair"]
[Black "aminsamani99"]
[Result "1/2-1/2"]
[ICCResult "Game drawn by repetition"]
[WhiteElo "1718"]
[BlackElo "1761"]
[Opening "Queen's pawn: London system"]
[ECO "A45"]
[NIC "QP.07"]
[Time "16:01:41"]
[TimeControl "4200+10"]

1. d4 Nf6 2. Bf4 d5 3. e3 c5 4. c3 Qb6 5. Na3 Qxb2 6. Nb5 Na6 7. Rb1 Qxa2 8.
Ra1 Qb2 9. Rb1 Qa2 10. Ra1 Qb2 11. Rb1 Qa2 12. Ra1 {Game drawn by
repetition} 1/2-1/2

[Event "ICC tourney 2151 (70 10)"]
[Site "Internet Chess Club"]
[Date "2020.11.21"]
[Round "2"]
[White "lucagt2010"]
[Black "Monkeybomb3605"]
[Result "0-1"]
[ICCResult "White resigns"]
[WhiteElo "1842"]
[BlackElo "2048"]
[Opening "King's Indian: Kazakh variation"]
[ECO "E91"]
[NIC "KI.19"]
[Time "16:01:37"]
[TimeControl "4200+10"]

1. d4 Nf6 2. c4 g6 3. Nf3 Bg7 4. Nc3 O-O 5. e4 d6 6. Be2 Na6 7. O-O e5 8. d5
Nc5 9. Qc2 a5 10. h3 Nfd7 11. Bg5 f6 12. Be3 f5 13. exf5 gxf5 14. Bg5 Nf6
15. a3 a4 16. Be3 Nb3 17. Rad1 Bd7 18. Bg5 Qe8 19. Bxf6 Bxf6 20. Nd2 Nd4 21.
Qc1 Bg5 22. Qb1 e4 23. Rfe1 Qg6 24. Bf1 Bxd2 25. Rxd2 Nf3+ 26. Kh1 Nxd2 27.
Be2 Nxb1 {White resigns} 0-1

[Event "ICC tourney 2151 (70 10)"]
[Site "Internet Chess Club"]
[Date "2020.11.21"]
[Round "2"]
[White "IndianTerritory"]
[Black "zchen15"]
[Result "1-0"]
[ICCResult "Black resigns"]
[WhiteElo "2134"]
[BlackElo "1943"]
[Opening "Sicilian: Kan, 5.Nc3"]
[ECO "B43"]
[NIC "SI.41"]
[Time "16:01:34"]
[TimeControl "4200+10"]

1. e4 c5 2. Nf3 e6 3. d4 cxd4 4. Nxd4 a6 5. Nc3 Qc7 6. Qf3 Nf6 7. Be2 Nc6 8.
Nxc6 dxc6 9. Bg5 Be7 10. O-O-O b5 11. e5 Nd5 12. Bxe7 Qxe7 13. Ne4 O-O 14.
h4 Bb7 15. Qg3 c5 16. h5 Rfc8 17. h6 g6 18. Nd6 Rc7 19. Bf3 Bc6 20. Bxd5
Bxd5 21. f4 Kh8 22. f5 Rg8 23. f6 Qd7 24. Rxd5 exd5 25. e6 Qxe6 26. Re1 Qxf6
27. Ne8 Qf5 28. Qxc7 Qg5+ 29. Kb1 f6 30. Nd6 {Black resigns} 1-0